 Dungeon Crawl Stone Soup version 0.28.0-43-g3370ac3207 (webtiles) character file.

Game seed: 1843012183464081305

18370 H0rd4k the Eclecticist (level 12, -4/61 HPs)
             Began as a Deep Elf Hedge Wizard on Mar 23, 2022.
             Was an Initiate of Gozag.
             Slain by a six-headed hydra (11 damage)
             ... on level 12 of the Dungeon on Mar 24, 2022.
             The game lasted 00:43:13 (22036 turns).

H0rd4k the Eclecticist (Deep Elf Hedge Wizard)     Turns: 22036, Time: 00:43:13

Health: -4/61      AC:  7    Str:  7    XL:     12   Next: 27%
Magic:  13/43      EV: 15    Int: 34    God:    Gozag
Gold:   1174       SH:  5    Dex: 14    Spells: 31/44 levels left

rFire   . . .      SeeInvis .   s - staff of conjuration
rCold   . . .      Faith    .   (no shield)
rNeg    . . .      Spirit   .   b - +0 robe
rPois   .          Reflect  +   h - +1 helmet
rElec   +          Harm     .   j - +1 cloak of Makhleb's Supremacy {Rampage rElec Int+3}
rCorr   .          Rampage  +   (no gloves)
Will    +....                   a - +0 pair of boots {Fly}
Stlth   ++........              F - amulet of reflection
HPRegen 0.20/turn               t - +6 ring of intelligence
MPRegen 0.28/turn               E - ring of magical power

@: about to teleport, flying
A: no striking features
a: Renounce Religion, Potion Petition, Call Merchant, Bribe Branch


You were on level 12 of the Dungeon.
You worshipped Gozag.
Gozag was most pleased with you.
You visited 2 branches of the dungeon, and saw 13 of its levels.
You also visited: Ossuary.

You collected 2153 gold pieces.
You spent 899 gold pieces at shops.
You paid 80 gold pieces to Gozag.

Inventory:

Hand Weapons
 g - a +0 dagger of venom
 w - the +8 Vampire's Tooth {vamp}
   (You found it on level 12 of the Dungeon)

   It occasionally heals its wielder for the full amount of damage dealt when it
   wounds a living foe.
 D - the +5 trident of Megrikey {vorpal, rElec Str-3 Int+3 SInv}
   (You found it on level 4 of the Dungeon)

   It inflicts extra damage upon your enemies.
   Str:       It affects your strength (-3).
   Int:       It affects your intelligence (+3).
   rElec:     It insulates you from electricity.
   SInv:      It lets you see invisible.
Armour
 a - a +0 pair of boots of flying (worn)
 b - a +0 robe (worn)
 d - the +0 cloak "Atta" {rC++ Slay+5 Stlth-}
   (You bought it in a shop on level 5 of the Dungeon)

   Slay:      It affects your accuracy & damage with ranged weapons and melee
   (+5).
   rC:        It greatly protects you from cold.
   Stlth:     It makes you less stealthy.
 h - a +1 helmet (worn)
 j - the +1 cloak of Makhleb's Supremacy (worn) {Rampage rElec Int+3}
   (You bought it in a shop on level 5 of the Dungeon)

   Int:       It affects your intelligence (+3).
   rElec:     It insulates you from electricity.
   Rampage:   It bestows one free step when moving towards enemies.
 C - the +1 cloak "Nyar" {Str+9}
   (You bought it in a shop on level 5 of the Dungeon)

   Str:       It affects your strength (+9).
Magical Staves
 s - a staff of conjuration (weapon)
Jewellery
 t - a +6 ring of intelligence (left hand)
 E - a ring of magical power (right hand)
 F - an amulet of reflection (around neck)
 H - a ring of positive energy
 I - a ring of ice
 O - a +6 ring of dexterity
Wands
 c - a wand of digging (5)
 m - a wand of flame (9)
Scrolls
 f - 2 scrolls of enchant weapon
 i - 4 scrolls of amnesia
 o - a scroll of vulnerability {unknown}
 q - 3 scrolls of fear
 u - 4 scrolls of immolation
 y - 2 scrolls of torment
 K - a scroll of holy word {unknown}
 L - a scroll of brand weapon {unknown}
 M - 4 scrolls of summoning {unknown}
 N - a scroll of fog {unknown}
 P - a scroll of identify
Potions
 k - 3 potions of flight
 n - a potion of lignification {unknown}
 p - 2 potions of invisibility {unknown}
 v - 2 potions of mutation {unknown}
 x - 4 potions of haste
 z - 3 potions of attraction {unknown}
 A - 3 potions of might
 B - a potion of resistance
 G - a potion of degeneration {unknown}
 J - a potion of berserk rage {unknown}
Miscellaneous
 l - a box of beasts (inert)


   Skills:
 + Level 1.4 Fighting
 + Level 0.2 Short Blades
 + Level 7.1 Dodging
 - Level 2.4 Stealth
 + Level 2.2 Shields
 + Level 16.9 Spellcasting
 + Level 11.6 Conjurations
 + Level 1.1 Summonings
 + Level 4.7 Translocations
 + Level 5.2 Fire Magic
 + Level 4.2 Air Magic
 + Level 4.7 Poison Magic
 + Level 3.5 Evocations


You had 31 spell levels left.
You knew the following spells:

 Your Spells              Type           Power      Damage    Failure   Level
a - Magic Dart            Conj           100%       1d8       0%          1
b - Blink                 Tloc           100%       N/A       1%          2
c - Conjure Flame         Conj/Fire      92%        6-21      1%          3
d - Mephitic Cloud        Conj/Pois/Air  85%        N/A       1%          3
e - Flame Wave            Conj/Fire      92%        2d16      1%          4

Your spell library contained the following spells:

 Spells                   Type           Power      Damage    Failure   Level
 Foxfire                  Conj/Fire      100%       2x1d9     1%          1
 Slow                     Hex            100%       N/A       1%          1
 Call Imp                 Summ           36%        N/A       1%          2
 Gell's Gravitas          Tloc           57%        N/A       1%          3
 Inner Flame              Hex/Fire       46%        N/A       1%          3
 Teleport Other           Tloc           57%        N/A       1%          3
 Confusing Touch          Hex            28%        N/A       4%          3
 Vampiric Draining        Necr           28%        2d8       4%          3
 Dispersal                Tloc           28%        N/A       28%         6


Dungeon Overview and Level Annotations

Branches:
Dungeon (12/15)            Temple (1/1) D:5            Lair (0/6) D:11
    Orc (0/2) D:12        Ossuary (visited)

Altars:
Ashenzari
Cheibriados
Dithmenos
Elyvilon
Fedhas
Gozag
Hepliaklqana
Kikubaaqudgha
Makhleb
Nemelex Xobeh
Okawaru
Qazlal
Ru
Sif Muna
Trog
Uskayaw
Vehumet
Wu Jian
Xom
Yredelemnul
Zin
The Shining One

Shops:
D:4 *   D:5 [[?   D:6 ?

Annotations:
D:1 exclusion: downstairs
D:2 1 runed translucent door, exclusion: door, Crazy Yiuf
D:3 exclusion: 2 downstairs
D:5 exclusion: downstairs
D:6 exclusion: downstairs
D:7 exclusion: downstairs
D:8 exclusions: acid dragon and downstairs
D:9 exclusion: upstairs
D:10 exclusion: downstairs


Message History

The six-headed hydra closely misses you.
The six-headed hydra bites you! The six-headed hydra misses you.
There is an open door here.
You see here 4 large rocks.
Casting: Blink (safe; 1% risk of failure)
Confirm with . or Enter, or press ? or * to list all spells.
You blink.
Casting: Blink (safe; 1% risk of failure)
Confirm with . or Enter, or press ? or * to list all spells.
You feel a surge of power!
The fire begins to smoulder!
The fire ignites!
Things that are here:
19 gold pieces; a +0 giant spiked club; a +0 giant spiked club The six-headed hydra is engulfed in blazing flames.
There is an open door here.
There is an open door here.
Okay, then.
There is an open door here.
Found 12 gold pieces.
As you read the scroll of magic mapping, it crumbles to dust.
You feel aware of your surroundings.
Unknown command.
You reach down and open the door.
The six-headed hydra bites you!
The six-headed hydra bites you but does no damage.
The six-headed hydra bites you!
The six-headed hydra closely misses you.
The six-headed hydra misses you. The six-headed hydra bites you!
* * * LOW HITPOINT WARNING * * *
There is an open door, spattered with blood here.
Casting: Conjure Flame (safe; 1% risk of failure)
Confirm with . or Enter, or press ? or * to list all spells.
You blink.
As you read the scroll of teleportation, it crumbles to dust.
You feel strangely unstable.
Casting: Blink (safe; 1% risk of failure)
Confirm with . or Enter, or press ? or * to list all spells.
You blink.
The six-headed hydra bites you!
You die...
Your body crumbles into a pile of gold.

*,,* *≈≈$,*,,,,,,,,,,,, ,,**
*≈>$,+,,,,$,,,,,,, ,**********
*≈≈$,*,,,,,,,,,,,, ,,,,,,,,,,*
*≈≈≈,*,,,*,,,*,,,* ,,,,,,,,,,*
####******8***,***,**
,,,,,,,,,,**#.'############******
,,,,,,,,,,*#..#...........#**,***
,,,,,,,,,....##...........+,+,*,,
,,,,,,,...###*#$@.........#**,*,*
,,,,,,,..,* #..D........# *,*,,
,,,,,,,.,,* #..§........# *****
****#.##### #########'### *
#.....# #.D..# * #########.##
#####'#### * .>........$#
#........#** ** ..........$###
#........+,*** *,
............$###........#,,,* *,


You could see a six-headed hydra.

Vanquished Creatures
  Fannar (D:11)
  Erolcha (D:11)
  4 two-headed ogres
  Pikel (D:7)
  An ugly thing (D:12)
  A cyclops (D:12)
  3 manticores
  10 centaur zombies
  Maggie (D:6)
  A komodo dragon (D:7)
  3 trolls
  Sigmund (D:3)
  A wyvern (D:8)
  A vampire (D:12)
  A wraith (D:12)
  14 yaks
  A steam dragon (D:10)
  9 vampire mosquitoes
  2 wargs (D:11)
  A water moccasin (D:9)
  An acid dragon (D:8)
  Duvessa (D:6)
  3 ice beasts
  An orc warrior (D:10)
  3 sky beasts
  3 black bears
  3 ogres
  7 centaurs
  2 lemures (D:7)
  A kobold brigand (D:9)
  A gnoll sergeant (D:6)
  4 bullfrogs
  4 scorpions
  4 water moccasin zombies
  A water moccasin skeleton (D:6)
  Dowan (D:5)
  6 killer bees
  6 howler monkeys
  5 wights (D:9)
  3 bullfrog zombies
  6 orc priests
  3 hounds
  A gnoll shaman (D:7)
  A jelly (D:7)
  A centaur skeleton (D:7)
  Ijyb (D:3)
  2 iguanas
  10 orc wizards
  Natasha (thrice) (D:2)
  Terence (D:3)
  A killer bee zombie (D:8)
  3 hound skeletons
  2 mummies (Ossuary)
  A howler monkey zombie (D:8)
  6 adders
  11 gnolls
  A shadow imp (D:6)
  A white imp (D:8)
  An ufetubus (D:6)
  2 worm zombies (D:7)
  2 adder skeletons (D:4)
  3 adder zombies (Ossuary)
  3 worms (D:2)
  3 dart slugs
  19 orcs
  5 ball pythons
  6 endoplasms
  4 giant cockroaches
  4 goblins
  7 hobgoblins
  7 jackals
  2 quokkas
  3 bats
  2 frilled lizards
  3 gnoll zombies (Ossuary)
  7 hobgoblin zombies (Ossuary)
  7 kobolds
  3 kobold zombies (Ossuary)
  5 orc zombies (Ossuary)
  5 rats
276 creatures vanquished.

Vanquished Creatures (collateral kills)
  A warg (D:10)
  2 killer bees
3 creatures vanquished.

Vanquished Creatures (others)
  A plant (D:11)
1 creature vanquished.

Grand Total: 280 creatures vanquished

Notes
Turn   | Place    | Note
-------+----------+-------------------------------------------
     0 | D:1      | H0rd4k the Deep Elf Hedge Wizard began the quest for the
                  | Orb.
     0 | D:1      | Reached XP level 1. HP: 10/10 MP: 7/7
   322 | D:1      | Reached skill level 5 in Spellcasting
   353 | D:1      | Reached XP level 2. HP: 15/15 MP: 5/10
   529 | D:1      | Found a faded altar of an unknown god.
  1546 | D:2      | Noticed Natasha
  1622 | D:2      | Found a runed translucent door.
  1623 | D:2      | Noticed Crazy Yiuf
  1750 | D:2      | Reached XP level 3. HP: 19/19 MP: 0/12
  1843 | D:2      | Learned a level 2 spell: Blink
  1847 | D:2      | Learned a level 3 spell: Conjure Flame
  1851 | D:2      | Learned a level 3 spell: Mephitic Cloud
  2730 | D:2      | Reached skill level 6 in Spellcasting
  2804 | D:3      | Reached XP level 4. HP: 24/24 MP: 3/14
  2882 | D:3      | Reached skill level 1 in Fire Magic
  2919 | D:3      | Noticed Sigmund
  3338 | D:3      | Noticed Terence
  3433 | D:3      | Noticed Ijyb
  3561 | D:4      | Noticed a yak
  3575 | D:4      | Reached XP level 5. HP: 28/28 MP: 9/16
  3639 | D:4      | Noticed an ogre
  3787 | D:4      | Found Maxen's Mass Market.
  3830 | D:4      | Identified the +5 trident of Megrikey {vorpal, rElec Str-3
                  | Int+3 SInv}
  3835 | D:4      | Noticed a yak
  3835 | D:4      | Noticed a yak
  3835 | D:4      | Noticed an ice beast
  3835 | D:4      | Noticed a yak
  4092 | D:3      | Killed Ijyb
  4093 | D:3      | Reached skill level 1 in Poison Magic
  4226 | D:3      | Killed Sigmund
  4227 | D:3      | Reached skill level 7 in Spellcasting
  4227 | D:3      | Reached skill level 1 in Air Magic
  4227 | D:3      | Reached XP level 6. HP: 32/32 MP: 10/18
  4397 | D:3      | Found a radiant altar of Vehumet.
  4533 | D:3      | Killed Terence
  4629 | D:2      | Killed Natasha
  4797 | D:2      | Noticed Natasha
  4804 | D:2      | Killed Natasha
  4871 | D:2      | Noticed Natasha
  4880 | D:2      | Killed Natasha
  5021 | D:4      | Killed an ice beast
  5022 | D:4      | Reached XP level 7. HP: 36/36 MP: 10/20
  5172 | D:4      | Noticed a yak
  5230 | D:3      | Killed a yak
  5231 | D:3      | Reached skill level 8 in Spellcasting
  5387 | D:3      | Killed a yak
  5388 | D:3      | Reached skill level 5 in Conjurations
  5772 | D:4      | Killed a yak
  5773 | D:4      | Reached skill level 1 in Evocations
  6066 | D:4      | Killed a yak
  6067 | D:4      | Reached skill level 9 in Spellcasting
  6067 | D:4      | Reached XP level 8. HP: 34/41 MP: 12/23
  6801 | D:5      | Entered Level 5 of the Dungeon
  7096 | D:5      | Found a staircase to the Ecumenical Temple.
  7184 | Temple   | Entered the Ecumenical Temple
  7537 | Temple   | Became a worshipper of Gozag Ym Sagoz the Greedy
  7592 | D:5      | Found Otwadey's Antique Armour Emporium.
  7667 | D:5      | Found Ruinih's Armour Emporium.
  7842 | D:5      | Found Viuqucen's Magic Scroll Boutique.
  7980 | D:5      | Reached skill level 10 in Spellcasting
  8286 | D:6      | Noticed Dowan
  8291 | D:6      | Noticed Duvessa
  8423 | D:6      | Killed Duvessa
  8960 | D:6      | Reached XP level 9. HP: 45/45 MP: 14/25
  9101 | D:5      | Killed Dowan
  9245 | D:5      | Reached skill level 11 in Spellcasting
  9504 | D:6      | Found Noit's Magic Scroll Boutique.
  9531 | D:6      | Noticed Maggie
  9850 | D:6      | Killed Maggie
 10995 | D:5      | Bought a spiked cloak for 256 gold pieces
 10995 | D:5      | Identified the +0 cloak "Atta" {rC++ Slay+5 Stlth-} (You
                  | bought it in a shop on level 5 of the Dungeon)
 11021 | D:7      | Noticed Pikel
 11044 | D:7      | Killed Pikel
 11045 | D:7      | Reached skill level 5 in Dodging
 11045 | D:7      | Reached skill level 12 in Spellcasting
 11301 | D:7      | Noticed a troll
 11582 | D:7      | Found a sand-covered staircase.
 11592 | Ossuary  | Entered an ossuary
 11907 | Ossuary  | Reached XP level 10. HP: 51/51 MP: 18/28
 12602 | D:5      | Bought an encrusted cloak for 256 gold pieces
 12602 | D:5      | Identified the +1 cloak "Nyar" {Str+9} (You bought it in a
                  | shop on level 5 of the Dungeon)
 12894 | D:7      | Reached skill level 13 in Spellcasting
 13474 | D:7      | Noticed a two-headed ogre
 13487 | D:7      | Killed a two-headed ogre
 13502 | D:7      | Noticed a gargoyle
 13600 | D:7      | Reached skill level 1 in Fighting
 14718 | D:8      | Reached skill level 14 in Spellcasting
 14761 | D:8      | Noticed a gargoyle
 14932 | D:5      | Bought the +1 cloak of Makhleb's Supremacy {Rampage rElec
                  | Int+3} for 387 gold pieces
 16214 | D:9      | Noticed a two-headed ogre
 16223 | D:9      | Killed a two-headed ogre
 16360 | D:9      | Found a glowing golden altar of the Shining One.
 16550 | D:9      | Reached XP level 11. HP: 56/56 MP: 25/31
 17770 | D:7      | Reached skill level 10 in Conjurations
 17847 | D:7      | Noticed a deep elf pyromancer
 18341 | D:10     | Entered Level 10 of the Dungeon
 18635 | D:10     | Reached skill level 15 in Spellcasting
 18739 | D:10     | Reached skill level 1 in Shields
 20089 | D:11     | Noticed a two-headed ogre
 20108 | D:11     | Noticed Erolcha
 20206 | D:10     | Identified a scroll of acquirement
 20206 | D:10     | Acquired a staff of conjuration
 20217 | D:10     | Learned a level 4 spell: Flame Wave
 20294 | D:11     | Killed Erolcha
 20541 | D:11     | Killed a two-headed ogre
 20550 | D:11     | Reached skill level 16 in Spellcasting
 20874 | D:11     | Found a staircase to the Lair.
 21029 | D:11     | Noticed Fannar
 21063 | D:11     | Killed Fannar
 21222 | D:11     | Noticed a skeletal warrior
 21226 | D:11     | Noticed a skeletal warrior
 21439 | D:11     | Reached XP level 12. HP: 53/61 MP: 34/34
 21765 | D:12     | Reached skill level 5 in Fire Magic
 21915 | D:12     | Found the +8 Vampire's Tooth {vamp}
 21925 | D:12     | Noticed a two-headed ogre
 21946 | D:12     | Killed a two-headed ogre
 21955 | D:12     | Noticed a six-headed hydra
 22036 | D:12     | Slain by a six-headed hydra

Illustrated notes

Levels and vault maps discovered:
D:1:      saegor_arrival_simple_d, layout_basic,
          hellmonk_ecumenical_altar_zigzags
D:2:      layout_basic, hangedman_decor_lopped, chequers_avenue, uniq_natasha,
          uniq_crazy_yiuf_cottage
D:3:      layout_basic, mainiacjoe_overflow_alcove_1, uniq_terence, uniq_ijyb,
          uniq_sigmund
D:4:      layout_rooms, minmay_shop_mass, kennysheep_small_circle
D:5:      layout_basic, minmay_temple_entry_tees, serial_shops, shop,
          nicolae_take_the_stairs, nicolae_shop_statue_plus
D:6:      layout_loops_cross, serial_shops, shop_fountains,
          corexii_leaking_fountain, uniq_duvessa, uniq_maggie
D:7:      minmay_the_grid_triangle_9x9_recursive_2
          [minmay_the_grid_triangle_9x9_prize_top_heavy,
          minmay_the_grid_triangle_9x9_minimal,
          minmay_the_grid_triangle_9x9_semitri,
          minmay_the_grid_triangle_9x9_stretched_checkered], layout_basic,
          enter_ossuary_3, uniq_pikel
D:8:      layout_basic
D:9:      layout_irregular_city, mainiacjoe_overflow_six_doors_small,
          hangedman_decor_riveting, palyth_stone_intersect,
          grunt_decor_resistance, grunt_ministairs_12,
          hangedman_abyss_or_decor_clamps
D:10:     layout_cave_pods
D:11:     hangedman_screamer, layout_basic, erik_lair_orcish_takeover,
          uniq_fannar, uniq_erolcha
D:12:     layout_roguey, david_orc_4, chequers_serial_rivers_room_b
Temple:   mainiacjoe_temple_cubbyholes

Skill      XL: |  1  2  3  4  5  6  7  8  9 10 11 12 |
---------------+-------------------------------------+-----
Spellcasting   | 5 6 7 9 10 12 14 16 | 16.9
Conjurations   | 2 3 4 5 7 8 9 11 | 11.6
Fire Magic     | 1 2 3 4 5 |  5.2
Poison Magic   | 1 2 3 4 |  4.7
Dodging        | 3 4 5 6 7 |  7.1
Air Magic      | 1 2 3 4 |  4.2
Evocations     | 1 3 |  3.5
Translocations | 2 3 4 |  4.7
Fighting       | 1 |  1.4
Shields        | 2 |  2.2
Short Blades   | |  0.2
Stealth        | |  2.4
Summonings     | |  1.1

Action                   |  1- 3 |  4- 6 |  7- 9 | 10-12 || total
-------------------------+-------+-------+-------+-------++-------
Melee: Dagger            |       |     3 |       |     3 ||     6
       Trident           |       |       |       |     1 ||     1
 Cast: Magic Dart        |   136 |   121 |   238 |   502 ||   997
       Mephitic Cloud    |     1 |     5 |    21 |    40 ||    67
       Conjure Flame     |       |     7 |    39 |    60 ||   106
       Blink             |       |       |    22 |    16 ||    38
       Flame Wave        |       |       |       |    39 ||    39
Evoke: Wand              |       |     4 |    12 |    12 ||    28
       Box of beasts     |       |       |       |     1 ||     1
  Use: Scroll            |       |       |     6 |    14 ||    20
       Potion            |       |       |     1 |     4 ||     5
Armor: Robe              |     1 |     2 |    15 |    65 ||    83
Dodge: Dodged            |     7 |    17 |    62 |   180 ||   266
Block: Other             |       |       |       |    40 ||    40
       Reflection        |       |       |       |     5 ||     5
